 Dungeon Crawl Stone Soup version 0.31-a0-654-gbe3e110b4e (webtiles) character file.

Game seed: 14664828783872704895

12875 bmack86 the Severer (level 11, -2/94 HPs)
             Began as a Minotaur Fighter on Aug 29, 2023.
             Was a High Priest of Okawaru.
             Slain by a tengu reaver
             ... wielding a +0 halberd of flaming
              (19 damage)
             ... on level 11 of the Dungeon.
             The game lasted 00:22:15 (11010 turns).

bmack86 the Severer (Minotaur Fighter)             Turns: 11010, Time: 00:22:17

Health: -2/94      AC: 22    Str: 24    XL:     11   Next: 68%
Magic:  15/16      EV:  9    Int:  5    God:    Okawaru [*****.]
Gold:   496        SH:  7    Dex: 17    Spells: 10/10 levels left

rFire   . . .        r - +1 broad axe
rCold   . . .        c - +0 buckler
rNeg    . . .        k - +0 plate armour
rPois   .            (helmet restricted)
rElec   .            t - +0 cloak
rCorr   .            x - +2 pair of gloves
SInv    .            h - +1 pair of boots {rampage}
Will    .....        (no amulet) Stlth
                     g - +6 ring of dexterity
HPRegen 0.35/turn    (no ring)
MPRegen 0.15/turn

%: rampage
@: heroic, marked
A: horns 2, retaliatory headbutt
a: Renounce Religion, Heroism, Finesse, Duel


You were on level 11 of the Dungeon.
You worshipped Okawaru.
Okawaru was extremely pleased with you.
You visited 2 branches of the dungeon, and saw 12 of its levels.
You also visited: Ossuary.

You collected 945 gold pieces.
You spent 449 gold pieces at shops.

Inventory:

Hand Weapons
 a - a +0 war axe
 r - a +1 broad axe (weapon)
Missiles
 i - 4 boomerangs
Armour
 c - a +0 buckler (worn)
 h - a +1 pair of boots of rampaging (worn)
 k - a +0 plate armour (worn)
 t - a +0 cloak (worn)
 x - a +2 pair of gloves (worn)
Jewellery
 g - a +6 ring of dexterity (left hand)
 m - a ring of fire
 p - a +6 ring of intelligence
 w - a ring of wizardry
 z - a ring of protection from fire
Wands
 b - a wand of digging (5)
 y - a wand of light (7) (quivered)
 F - a wand of roots (7)
Scrolls
 d - 3 scrolls of immolation
 l - a scroll of poison
 q - a scroll of fear
 A - a scroll of fog
 C - 2 scrolls of blinking
 E - 2 scrolls of teleportation
 H - a scroll of identify
Potions
 e - 2 potions of invisibility
 f - 2 potions of magic
 j - 5 potions of brilliance
 n - a potion of lignification
 o - 2 potions of ambrosia
 s - a potion of mutation
 u - a potion of heal wounds
 v - 4 potions of curing {unknown}
 B - a potion of berserk rage {unknown}
 D - a potion of attraction {unknown}
 G - a potion of enlightenment {unknown}


   Skills:
 * Level 7.8(12.8) Fighting
 - Level 18.0(23.0) Axes
 + Level 6.0(11.0) Armour
 - Level 5.0(10.0) Shields
 - Level 8.0 Invocations


You had 10 spell levels left.
You didn't know any spells.
Your spell library contained the following spells:

 Spells                   Type           Power      Damage    Failure   Level
 Apportation              Tloc           0%         N/A       99%         1
 Necrotise                Necr           0%         1d4       99%         1
 Sandblast                Erth           0%         2d4       99%         1
 Slow                     Hex            0%         N/A       99%         1
 Cigotuvi's Dreadful Rot  Necr/Pois/Air  0%         N/A       100%        2
 Passwall                 Tmut/Erth      0%         N/A       100%        2
 Confusing Touch          Hex            0%         N/A       100%        3
 Ignite Poison            Fire/Tmut/Pois 0%         N/A       100%        3
 Stone Arrow              Conj/Erth      0%         3d7       100%        3
 Vampiric Draining        Necr           0%         2d6       100%        3
 Freezing Cloud           Conj/Ice/Air   0%         6-21      100%        5
 Summon Small Mammal      Summ           Unusable   N/A       N/A         1

Dungeon Overview and Level Annotations

Branches:
Dungeon (11/15)            Temple (1/1) D:7            Lair (0/5) D:10
    Orc (0/2) D:10        Ossuary (visited)

Altars:
Ashenzari
Cheibriados
Dithmenos
Elyvilon
Fedhas
Gozag
Hepliaklqana
Kikubaaqudgha
Makhleb
Nemelex Xobeh
Okawaru
Qazlal
Ru
Sif Muna
Trog
Uskayaw
Vehumet
Wu Jian
Xom
Yredelemnul
Zin
The Shining One

Shops:
D:4 *

Annotations:
D:7 2 transporters, exclusions: ice statue and oklob plant, bronco's ghost, novice OpSh


Innate Abilities, Weirdness & Mutations

You have a pair of horns on your head.
You reflexively headbutt those who attack you in melee.


Message History

Unknown command.
You barely miss the vampire mosquito. The vampire mosquito bites you.
The vampire mosquito draws strength from your injuries!
Unknown command.
You barely miss the vampire mosquito. The vampire mosquito barely misses you.
A boulder beetle comes into view.
You slash the vampire mosquito!
Your headbutt misses the vampire mosquito.
The vampire mosquito is heavily damaged.
You block the vampire mosquito's attack. x2
The tengu reaver hits you from afar with a +0 halberd of flaming!!
The tengu reaver burns you!
Unknown command.
You slice the vampire mosquito!!
You destroy the vampire mosquito!
Okawaru accepts your kill.
A wraith comes into view.
Unknown command.
Something unexpectedly blocked you, preventing you from rampaging!
You slice something!! You closely miss the wraith.
The tengu reaver hits you from afar with a +0 halberd of flaming!
The tengu reaver burns you.
A yak comes into view.
The wraith hits you but does no damage.
A yak comes into view.
You slash the two-headed ogre!
The two-headed ogre is moderately wounded.
You barely miss the wraith.
The tengu reaver hits you from afar with a +0 halberd of flaming!
* * * LOW HITPOINT WARNING * * *
The tengu reaver burns you.
* * * LOW HITPOINT WARNING * * *
You hit the two-headed ogre.
The two-headed ogre is moderately wounded.
You hit the wraith.
A yak comes into view.
A shadow comes into view.
The wraith hits you.
* * * LOW HITPOINT WARNING * * *
The tengu reaver hits you from afar with a +0 halberd of flaming!!
You die...

##### #.~..
....##^..~.
....#.โ‰ˆ..โ‰ˆ
...##..โ‰ˆ.
...#...########
..##..##?8..8.##
..#(~##....W.W.##
.##..#W.######..##
.#..#..# ##W@#
.#.##.## ##O#
.#.#.?# #Q.#
.#.#..# #BY#
.#.##ยง# #.#.
.#..#.. .$#Y.
###.##. .##Y##
#.#.~## # #
#.##..##


You could see a tengu reaver, a boulder beetle, a two-headed ogre, 3 yaks, 2
wraiths and a shadow.

Vanquished Creatures
  4 two-headed ogres
  A boulder beetle (D:11)
  A cyclops (D:11)
  Jeremiah (D:7)
  2 gargoyles (D:11)
  A komodo dragon (D:9)
  An unseen horror (D:11)
  2 trolls
  2 wraiths
  A basilisk (D:10)
  11 yaks
  A vampire mosquito (D:11)
  4 wargs (D:10)
  2 acid dragons (D:11)
  2 water moccasins (D:9)
  A sky beast (D:6)
  3 black bears
  9 orc warriors
  4 ogres
  3 phantoms
  2 kobold brigands
  5 bullfrogs
  An elf zombie (Ossuary)
  A gnoll sergeant (D:8)
  A scorpion (D:5)
  6 wights (D:6)
  9 killer bees (D:9)
  6 electric eels
  5 howler monkeys
  2 hounds (D:5)
  6 jellies
  A gnoll bouda (D:6)
  4 orc priests
  4 iguanas
  8 orc wizards
  A scorpion zombie (D:5)
  3 hound zombies (D:5)
  2 mummies (Ossuary)
  A howler monkey zombie (D:5)
  6 adders
  12 gnolls
  5 white imps
  An ufetubus (D:7)
  4 worms
  A dart slug (D:1)
  58 orcs
  10 ball pythons
  2 endoplasms
  3 giant cockroaches
  A gnoll zombie (Ossuary)
  8 goblins
  9 hobgoblins
  2 quokkas
  6 bats
  3 frilled lizards
  5 goblin zombies (Ossuary)
  3 hobgoblin zombies (Ossuary)
  19 kobolds
  4 orc zombies (Ossuary)
  5 rats
291 creatures vanquished.

Vanquished Creatures (others)
  An orc wizard (D:4)
1 creature vanquished.

Grand Total: 292 creatures vanquished

Notes
Turn   | Place    | Note
-------+----------+-------------------------------------------
     0 | D:1      | bmack86 the Minotaur Fighter began the quest for the Orb.
     0 | D:1      | Reached XP level 1. HP: 19/19 MP: 0/0
    80 | D:1      | Reached XP level 2. HP: 26/26 MP: 1/1
    93 | D:1      | You fall into a shaft and drop 1 floor!
   271 | D:1      | Reached skill level 3 in Axes
   881 | D:2      | Reached XP level 3. HP: 31/31 MP: 2/2
  1014 | D:2      | Reached skill level 5 in Shields
  1360 | D:3      | Found a faded altar of an unknown god.
  1516 | D:3      | Reached skill level 4 in Axes
  1516 | D:3      | Reached XP level 4. HP: 31/39 MP: 3/3
  1694 | D:3      | Found a hazy altar of Hepliaklqana.
  1973 | D:3      | Reached skill level 5 in Axes
  1989 | D:3      | Noticed a phantom
  1995 | D:3      | Killed a phantom
  1996 | D:3      | Reached skill level 6 in Axes
  1996 | D:3      | Reached XP level 5. HP: 32/45 MP: 4/4
  2358 | D:4      | Found a shadowy altar of Dithmenos.
  2689 | D:4      | Reached XP level 6. HP: 46/51 MP: 5/5
  2692 | D:4      | Reached skill level 7 in Axes
  2742 | D:4      | Found Cidghucua's Assorted Antiques.
  2775 | D:4      | Bought a cyan potion for 23 gold pieces
  2775 | D:4      | Bought a clear potion for 23 gold pieces
  2775 | D:4      | Bought a scroll labelled GANETUNU TOCYI for 26 gold pieces
  3013 | D:4      | Reached skill level 8 in Axes
  3059 | D:4      | Found a shimmering blue altar of Sif Muna.
  3416 | D:5      | Entered Level 5 of the Dungeon
  3424 | D:5      | Reached XP level 7. HP: 51/57 MP: 6/6
  3425 | D:5      | Reached skill level 9 in Axes
  3778 | D:5      | Found a white marble altar of Elyvilon.
  3784 | D:5      | Found a sparkling altar of Nemelex Xobeh.
  4070 | D:5      | Found a basalt altar of Yredelemnul.
  4180 | D:5      | Reached skill level 10 in Axes
  4602 | D:4      | Bought a pair of runed boots for 195 gold pieces
  4692 | D:6      | Reached XP level 8. HP: 64/64 MP: 7/7
  4699 | D:6      | Reached skill level 11 in Axes
  4913 | D:6      | Reached skill level 12 in Axes
  5233 | D:6      | Reached skill level 13 in Axes
  5611 | D:7      | Reached XP level 9. HP: 68/70 MP: 8/8
  5621 | D:7      | Noticed a two-headed ogre
  5628 | D:7      | Found a sand-covered staircase.
  5648 | Ossuary  | Entered an ossuary
  5789 | D:7      | Noticed a cyclops
  5791 | D:7      | Identified the +4 falchion "Demonslayer" {freeze, rElec
                  | rCorr MP+9 Int+6}
  5813 | D:7      | Found a transporter.
  5813 | D:7      | Noticed an ice statue
  5813 | D:7      | Noticed bronco's ghost (novice OpSh)
  5851 | D:7      | Reached skill level 14 in Axes
  5950 | D:4      | Bought an opal ring for 130 gold pieces
  5950 | D:4      | Bought a scroll of identify for 52 gold pieces
  6074 | D:7      | Noticed Jeremiah
  6138 | D:7      | Killed Jeremiah
  6344 | D:7      | Noticed an oklob plant
  6398 | D:7      | Found a staircase to the Ecumenical Temple.
  6404 | Temple   | Entered the Ecumenical Temple
  6413 | Temple   | Became a worshipper of Warmaster Okawaru
  6450 | D:7      | Found a transporter.
  6564 | D:8      | Reached skill level 1 in Invocations
  6638 | D:8      | Reached skill level 15 in Axes
  6889 | D:8      | Reached * piety under Okawaru
  7299 | D:8      | Found a sacrificial altar of Ru.
  7431 | D:9      | Reached XP level 10. HP: 35/77 MP: 11/11
  7579 | D:9      | Reached skill level 16 in Axes
  7777 | D:9      | Reached ** piety under Okawaru
  8152 | D:9      | Found an ancient bone altar of Kikubaaqudgha.
  8340 | D:9      | Reached skill level 5 in Invocations
  8554 | D:10     | Entered Level 10 of the Dungeon
  8567 | D:10     | Found a staircase to the Orcish Mines.
  8579 | D:10     | Reached skill level 17 in Axes
  8734 | D:10     | Found a staircase to the Lair.
  8740 | D:10     | Noticed a two-headed ogre
  8750 | D:10     | Killed a two-headed ogre
  8750 | D:10     | Reached *** piety under Okawaru
  8944 | D:10     | Found a blossoming altar of Fedhas.
  8978 | D:10     | Noticed a two-headed ogre
  8988 | D:10     | Killed a two-headed ogre
  9190 | D:10     | Noticed a two-headed ogre
  9196 | D:10     | Killed a two-headed ogre
  9196 | D:10     | Reached **** piety under Okawaru
  9197 | D:10     | Reached skill level 18 in Axes
  9197 | D:10     | Reached XP level 11. HP: 48/82 MP: 13/15
  9820 | D:10     | Found a bloodstained altar of Trog.
  9982 | D:11     | HP: 3/85 [gargoyle/stone arrow (20)]
  9987 | D:11     | Reached skill level 5 in Fighting
  9997 | D:11     | Reached ***** piety under Okawaru
 10019 | D:11     | Reached skill level 5 in Armour
 10808 | D:11     | Noticed a two-headed ogre
 10812 | D:11     | Killed a two-headed ogre
 10849 | D:11     | Noticed a boulder beetle
 10879 | D:11     | Killed a boulder beetle
 10998 | D:11     | Noticed a two-headed ogre
 10999 | D:11     | Noticed a tengu reaver
 11005 | D:11     | Noticed a boulder beetle
 11010 | D:11     | Slain by a tengu reaver

Illustrated notes

Levels and vault maps discovered:
D:1:      enne_arrival_octagon_isle, layout_loops_ring, corexii_corridor_pit
D:2:      layout_loops_ring, serial_glass, glass_columns_a, glass_columns_a
D:3:      layout_loops_corners, mainiacjoe_overflow_brackets,
          shapermc_ecumenical_altar_venn, minmay_divided_ellipse
D:4:      cheibrodos_thug_alley, layout_loops_ring,
          nicolae_dithmenos_the_darkroom, led_sif_book, serial_shops,
          nicolae_shop_hallway_plus, minmay_hedge_maze
D:5:      layout_loops_corners, nicolae_yredelemnul_corpse_copse, minitemple
D:6:      layout_loops_cross, chequers_decorated_corner,
          kennysheep_generic_room_4
D:7:      layout_rooms, temple_green, nzn_ghost_randoct,
          nicolae_ossuary_entry_monument, chequers_serial_rivers_marsh,
          uniq_jeremiah
D:8:      layout_rooms, lemuel_coloured_pillars_altar
D:9:      layout_roguey [special_room_orc], nicolae_overflow_hidden_temple,
          fountainhead
D:10:     layout_basic, mainiacjoe_overflow_chevrons, overflow_temple_1_default,
          minmay_orc_entry_guard_dogs
D:11:     layout_long_grid, special_room [special_room_orc], nzn_random_ring
Temple:   hellmonk_temple_flake

Skill      XL: |  1  2  3  4  5  6  7  8  9 10 11 |
---------------+----------------------------------+-----
Shields        | 4 5 |  5.0
Axes           | 3 4 6 8 10 13 15 18 | 18.0
Invocations    | 3 6 8 |  8.0
Fighting       | 7 |  7.8
Armour         | 6 |  6.0

Action                     |  1- 3 |  4- 6 |  7- 9 | 10-12 || total
---------------------------+-------+-------+-------+-------++-------
  Melee: War axe           |    71 |   102 |       |       ||   173
         Headbutt          |     9 |    17 |    49 |    60 ||   135
         Broad axe         |       |     2 |   244 |   291 ||   537
 Invoke: Heroism           |       |       |       |     5 ||     5
         Finesse           |       |       |       |     1 ||     1
  Evoke: Wand              |       |     2 |       |       ||     2
    Use: Scroll            |     2 |       |    17 |     4 ||    23
         Potion            |       |     1 |       |     2 ||     3
 Armour: Scale mail        |     8 |       |       |       ||     8
         Chain mail        |    49 |    44 |    57 |       ||   150
         Plate armour      |       |       |    59 |   134 ||   193
  Dodge: Dodged            |    32 |    34 |    60 |    61 ||   187
  Block: Buckler           |    17 |    21 |    54 |    75 ||   167

Table legend: (Time is in decaauts)
 A = Elapsed time spent in this place.
 B = Non-inter-level travel time spent in this place.
 C = Inter-level travel time spent in this place.
 D = Time resting spent in this place.
 E = Time spent auto-exploring this place.
 F = Levels seen in this place.
 G = Mean time per level.
                   A        B        C        D        E       F      G
               +--------+--------+--------+--------+--------+-----+--------+
         Total |  11009 |  10328 |    681 |      0 |   8061 |  13 |  846.8 |
       Dungeon |  10868 |  10203 |    665 |      0 |   8061 |  11 |  988.0 |
        Temple |     18 |      2 |     16 |      0 |      0 |   1 |   18.0 |
       Ossuary |    122 |    122 |      0 |      0 |      0 |   1 |  122.0 |
               +--------+--------+--------+--------+--------+-----+--------+

Top non-repeatable levels by time:
     D:4: 1389 daAuts
    D:10: 1367 daAuts
     D:9: 1112 daAuts
     D:5: 1092 daAuts
    D:11: 1052 daAuts
     D:3: 1037 daAuts
     D:6: 964 daAuts
     D:8: 857 daAuts
     D:1: 742 daAuts
     D:7: 639 daAuts
     D:2: 611 daAuts
 Ossuary: 122 daAuts
  Temple: 18 daAuts
